AoeStats
← RagnarLothbrok

Arena

509314771Analyzed
4v4 RM · 5d ago on Sep 26, 2026· 67m 33s· 8 players
Game mode
Random Map
Map size
Large (8 player)
Population
200
Speed
Normal
Resources
Standard
Victory
Conquest
Starting age
Dark Age
Ending age
Imperial Age
RankedLock teamsTeams togetherTeam positionsShared explorationLock speedFull tech treeHidden civsTurbo modeCheats
Victory
Defeat
🇨🇳 Saxons · China
1521
+10
🇨🇳 Varangians · China
1462
+12
🇨🇳 Teutons · China
1373
+16
🇨🇳 Huns · China
1270
+20
🇨🇳 Spanish · China
1477
-19
🇻🇪 Mongols · Venezuela
1377
-15
🇯🇵 Ethiopians · Japan
1344
-13
1297
-11
D哥
10:16 Feudal Age
9:14 Loom
14:17 Castle Age
12:28 Double-Bit Axe
13:03 Horse Collar
15:10 Bow Saw
21:58 Wheelbarrow
23:22 Heavy Plow
24:09 Gold Mining
25:42 Stone Mining
29:16 Imperial Age
28:00 Scale Barding Armor
28:12 Hand Cart
27:44 Town Watch
29:03 Chain Barding Armor
29:16 Husbandry
29:26 Bloodlines
29:28 Padded Archer Armor
30:22 Conscription
29:28 Light Cavalry
30:19 Bloodlines
31:38 Plate Barding Armor
31:20 Leather Archer Armor
31:57 Stone Shaft Mining
32:23 Two-Man Saw
31:25 Elite Conquistador
33:41 Chemistry
33:01 Ballistics
32:08 Hussar
33:01 Forging
32:59 Fletching
34:14 Ring Archer Armor
35:40 Forging
35:27 Bodkin Arrow
37:32 Iron Casting
38:55 Cavalier
41:39 Blast Furnace
42:34 Supremacy
43:39 Scale Mail Armor
43:41 Squires
43:08 Pikeman
45:43 Chain Mail Armor
44:49 Halberdier
45:15 Arson
48:20 Plate Mail Armor
52:06 Fortified Wall
52:19 Bombard Tower
52:49 Capped Ram
54:14 Siege Ram
56:08 Guilds
57:37 Guard Tower
59:26 Keep
58:47 Murder Holes
59:45 Bracer
60:02 Masonry
RagnarLothbrok
10:21 Feudal Age
14:26 Castle Age
12:24 Double-Bit Axe
12:50 Horse Collar
15:36 Bow Saw
15:56 Heavy Plow
21:26 Forging
23:30 Wheelbarrow
24:13 Stone Mining
26:11 Fletching
27:08 Bodkin Arrow
30:13 Imperial Age
29:01 Padded Archer Armor
30:09 Thumb Ring
30:25 Masonry
30:40 Ballistics
31:03 Stone Shaft Mining
30:18 Gold Mining
30:45 Hand Cart
30:15 Loom
30:15 Town Watch
31:59 Chemistry
31:14 Bloodlines
31:04 Husbandry
31:24 Bracer
32:39 Capped Ram
33:43 Conscription
34:07 Onager
34:32 Elite Steppe Lancer
35:13 Husbandry
35:19 Scale Barding Armor
35:24 Forging
35:16 Elite Mangudai
36:52 Chain Barding Armor
37:07 Iron Casting
37:23 Leather Archer Armor
37:44 Iron Casting
38:00 Drill
37:59 Nomads
37:24 Siege Ram
38:44 Hoardings
40:00 Blast Furnace
43:03 Caravan
43:42 Parthian Tactics
50:25 Heavy Scorpion
54:32 Light Cavalry
56:29 Siege Engineers
沒打很好但夠用
0:26 Loom
10:39 Feudal Age
10:06 Double-Bit Axe
10:16 Horse Collar
16:27 Castle Age
14:52 Heavy Plow
15:18 Bow Saw
19:46 Wheelbarrow
24:55 Gold Mining
28:11 Imperial Age
26:43 Scale Barding Armor
26:49 Forging
27:49 Chain Barding Armor
27:15 Cavalier
28:47 Paladin
30:50 Plate Barding Armor
30:51 Iron Casting
31:08 Hand Cart
31:09 Husbandry
32:27 Crop Rotation
33:26 Stone Mining
33:56 Fortified Wall
35:40 Blast Furnace
35:47 Two-Man Saw
35:52 Chemistry
34:32 Treadmill Crane
36:50 Masonry
36:38 Murder Holes
37:44 Coinage
38:19 Conscription
38:04 Burgundian Vineyards
37:27 Light Cavalry
38:44 Elite Skirmisher
39:59 Fletching
40:09 Padded Archer Armor
40:47 Hussar
42:14 Gold Shaft Mining
42:23 Pikeman
43:04 Squires
43:06 Scale Mail Armor
44:11 Burgundian Vineyards
43:33 Halberdier
46:35 Arson
47:07 Chain Mail Armor
55:56 Plate Mail Armor
59:48 Caravan
64:06 Bodkin Arrow
64:26 Leather Archer Armor
grifon_5th
9:41 Feudal Age
11:06 Loom
11:55 Double-Bit Axe
17:59 Horse Collar
18:44 Fletching
23:07 Castle Age
21:35 Gold Mining
22:29 Stone Mining
22:59 Scale Mail Armor
24:33 Bow Saw
24:25 Heavy Plow
24:58 Bodkin Arrow
38:58 Wheelbarrow
39:19 Chain Mail Armor
42:50 Hand Cart
45:10 Imperial Age
45:15 Capped Ram
46:13 Squires
46:12 Halberdier
48:07 Forging
48:45 Plate Mail Armor
49:39 Iron Casting
51:17 Town Watch
53:56 Caravan
55:16 Masonry
57:09 Padded Archer Armor
57:14 Elite Skirmisher
58:01 Thumb Ring
60:45 Heavy Scorpion
63:40 Two-Man Saw
62:42 Heavy Plow
63:17 Architecture
小鸡
10:03 Feudal Age
10:06 Feudal Age
14:22 Castle Age
14:01 Fletching
14:40 Double-Bit Axe
17:27 Wheelbarrow
17:40 Loom
19:37 Crossbowman
21:22 Bodkin Arrow
25:13 Bow Saw
24:56 Horse Collar
26:39 Gold Mining
27:43 Scale Barding Armor
27:48 Forging
28:02 Hand Cart
30:41 Imperial Age
28:30 Town Watch
28:51 Stone Mining
29:55 Ballistics
29:38 Padded Archer Armor
29:59 Chain Barding Armor
30:35 Leather Archer Armor
32:08 Conscription
31:53 Bracer
32:55 Chemistry
33:02 Two-Man Saw
33:55 Leather Archer Armor
33:30 Cranequins
33:30 Heavy Mounted Crossbowman
36:11 Ring Archer Armor
35:54 Bloodlines
35:44 Husbandry
39:17 Siege Engineers
39:49 Caravan
40:19 Coinage
40:00 Guilds
40:43 Conscription
39:59 Vendel Legacy
40:02 Cavalier
40:06 Light Cavalry
41:56 Plate Barding Armor
41:57 Iron Casting
41:14 Hussar
50:21 Stone Shaft Mining
55:53 Blast Furnace
55:19 Heavy Plow
58:56 Capped Ram
62:59 Siege Ram
逐曦者
10:10 Feudal Age
11:31 Loom
14:48 Castle Age
16:06 Double-Bit Axe
22:22 Horse Collar
22:54 Marauders
25:08 Bloodlines
25:01 Gold Mining
25:40 Scale Barding Armor
26:08 Husbandry
26:46 Bow Saw
28:07 Wheelbarrow
28:16 Chain Barding Armor
29:24 Heavy Plow
30:09 Forging
32:16 Iron Casting
32:18 Hand Cart
35:24 Imperial Age
36:28 Conscription
37:04 Plate Barding Armor
38:30 Blast Furnace
38:15 Gold Shaft Mining
37:21 Elite Tarkan
37:57 Cavalier
39:23 Paladin
42:17 Caravan
42:56 Town Watch
44:21 Chemistry
45:02 Light Cavalry
45:48 Town Patrol
46:28 Hussar
48:54 Stone Mining
50:07 Two-Man Saw
51:20 Elite Skirmisher
51:55 Fletching
52:05 Padded Archer Armor
53:26 Bodkin Arrow
56:00 Atheism
66:50 Bracer
67:05 Leather Archer Armor
66:51 Scale Mail Armor
67:09 Masonry
67:19 Ballistics
妈妈。
6:11 Loom
8:35 Feudal Age
9:53 Double-Bit Axe
12:14 Fletching
20:56 Castle Age
21:34 Bodkin Arrow
25:05 Guard Tower
33:04 Wheelbarrow
37:09 Imperial Age
37:23 Ballistics
37:34 Masonry
39:27 Chemistry
38:34 Siege Engineers
37:56 Capped Ram
38:50 Heavy Scorpion
45:47 Conscription
46:04 Hoardings
47:05 Hand Cart
48:43 Bombard Tower
48:26 Arrowslits
48:54 Fortified Wall
51:09 Padded Archer Armor
51:48 Scale Mail Armor
52:32 Forging
52:41 Leather Archer Armor
52:33 Pikeman
53:13 Squires
53:46 Ironclad
53:55 Gold Mining
53:56 Stone Mining
54:49 Ring Archer Armor
54:54 Iron Casting
54:35 Chain Mail Armor
55:29 Ironclad
55:27 Town Watch
58:39 Caravan
60:52 Crenellations
61:07 Onager
62:41 Halberdier
63:12 Halberdier
63:54 Siege Onager
64:32 Arson
65:32 Crenellations
66:23 Blast Furnace
65:54 Plate Mail Armor
66:09 Elite Skirmisher
67:38 Plate Mail Armor
seabed
2:01 Loom
10:39 Feudal Age
11:53 Double-Bit Axe
14:30 Castle Age
16:44 Bow Saw
20:14 Horse Collar
22:19 Wheelbarrow
22:34 Gold Mining
23:40 Hand Cart
25:29 Gold Shaft Mining
25:00 Heavy Plow
25:55 Loom
25:59 Town Watch
28:51 Imperial Age
27:08 Masonry
27:24 Scale Mail Armor
27:34 Forging
27:47 Squires
27:33 Arson
27:33 Gambesons
28:18 Stone Mining
29:17 Chain Mail Armor
29:38 Iron Casting
28:58 Elite Varangian Guard
29:13 Capped Ram
30:59 Plate Mail Armor
32:14 Pikeman
33:13 Fletching
32:46 Shield Wall
33:50 Siege Ram
35:31 Bodkin Arrow
35:07 Halberdier
36:20 Bracer
38:08 Conscription
38:27 Elite Hearth Troop
40:32 Hoardings
43:09 Architecture
43:00 Ballistics
43:43 Chemistry
45:47 Padded Archer Armor
55:25 Crop Rotation
55:42 Leather Archer Armor
54:50 Elite Skirmisher
62:00 Caravan
Connection lost

Rejoining the realm…

Still unreachable

The connection could not be restored.

Session expired

The server has moved on; the page needs a fresh start.